 Dungeon Crawl Stone Soup version 0.31-a0-7-g51783674b7 (webtiles) character file.

Game seed: 8770455038278238617

23 pokeman the Magician (level 2, -6/16 HPs)
             Began as a Deep Elf Hedge Wizard on May 6, 2023.
             Constricted to death by Natasha (7 damage)
             ... on level 1 of the Dungeon.
             The game lasted 00:01:33 (1188 turns).

pokeman the Magician (Deep Elf Hedge Wizard)        Turns: 1188, Time: 00:01:33

Health: -6/16      AC:  3    Str:  7    XL:     2   Next: 75%
Magic:  4/10       EV:  9    Int: 18    God:
Gold:   4          SH:  0    Dex: 14    Spells: 10/11 levels left

rFire   . . .        k - +4 dagger (protect)
rCold   . . .        (no shield)
rNeg    . . .        b - +0 robe
rPois   .            c - +0 hat
rElec   .            f - +0 cloak
rCorr   .            (no gloves)
SInv    .            (no boots)
Will    .....        (no amulet)
Stlth   ++           (no ring)
HPRegen 0.22/turn    (no ring)
MPRegen 0.12/turn

%: no passive effects
@: grasped by roots, very slightly contaminated, constricted
A: no striking features
a: no special abilities


You were on level 1 of the Dungeon.
You visited 1 branch of the dungeon, and saw 2 of its levels.

You collected 4 gold pieces.

Inventory:

Hand Weapons
 k - a +4 dagger of protection (weapon)
Armour
 b - a +0 robe (worn)
 c - a +0 hat (worn)
 f - a +0 cloak (worn)
 h - a scarf of invisibility
Scrolls
 e - 2 scrolls of identify {unknown}
 i - a scroll of enchant weapon {unknown}
 l - a scroll of teleportation {unknown}
 m - a scroll of summoning {unknown}
Potions
 a - 2 potions of curing {unknown}
 d - a potion of magic
 g - a potion of brilliance {unknown}
 j - a potion of attraction {unknown}
 n - a potion of heal wounds {unknown}


   Skills:
 + Level 0.6 Fighting
 + Level 0.6 Armour
 - Level 2.4 Dodging
 - Level 2.4 Stealth
 * Level 5.0 Spellcasting
 + Level 1.6 Conjurations
 - Level 1.1 Summonings
 - Level 1.1 Translocations


You had 10 spell levels left.
You knew the following spells:

 Your Spells              Type           Power      Damage    Failure   Level
a - Magic Dart            Conj           40%        1d5       7%          1

Your spell library contained the following spells:

 Spells                   Type           Power      Damage    Failure   Level
 Slow                     Hex            16%        N/A       13%         1
 Blink                    Tloc           16%        N/A       13%         2
 Call Imp                 Summ           16%        N/A       13%         2
 Cigotuvi's Dreadful Rot  Necr/Pois/Air  8%         N/A       21%         2
 Sublimation of Blood     Necr           4%         N/A       21%         2
 Wereblood                Tmut           4%         N/A       21%         2
 Mephitic Cloud           Conj/Pois/Air  6%         N/A       32%         3
 Summon Hydra             Summ           4%         N/A       100%        7


Dungeon Overview and Level Annotations

Branches:
Dungeon (2/15)

Altars:

Annotations:
D:1 Natasha


Message History

Unknown command.
Casting: Magic Dart (safe; 7% risk of failure)
Confirm with . or Enter, or press ? or * to list all spells.
Aiming: Magic Dart (safe; 7% risk of failure)
Press: ? - help, Shift-Dir - straight line, f/p - Natasha
Aim: Natasha, carrying a wand of roots (9) (moderately wounded, 100% to hit)
The magic dart hits Natasha.
Natasha is moderately wounded.
Natasha stares at you and mumbles some strange words.
You resist with significant effort.
Casting: Magic Dart (safe; 7% risk of failure)
Confirm with . or Enter, or press ? or * to list all spells.
Aiming: Magic Dart (safe; 7% risk of failure)
Press: ? - help, Shift-Dir - straight line, f/p - Natasha
Aim: Natasha, carrying a wand of roots (9) (moderately wounded, 100% to hit)
The magic dart hits Natasha but does no damage.
Natasha is moderately wounded.
Natasha claws you.
* * * LOW HITPOINT WARNING * * *
Casting: Magic Dart (safe; 7% risk of failure)
Confirm with . or Enter, or press ? or * to list all spells.
Aiming: Magic Dart (safe; 7% risk of failure)
Press: ? - help, Shift-Dir - straight line, f/p - Natasha
Aim: Natasha, carrying a wand of roots (9) (moderately wounded, 100% to hit)
The magic dart hits Natasha.
Natasha is severely wounded.
Natasha casts a spell.
Unknown command.
Casting: Magic Dart (safe; 7% risk of failure)
Confirm with . or Enter, or press ? or * to list all spells.
Aiming: Magic Dart (safe; 7% risk of failure)
Press: ? - help, Shift-Dir - straight line, f/p - Natasha
Aim: Natasha, carrying a wand of roots (9) (severely wounded, 100% to hit)
The magic dart hits Natasha.
Natasha is almost dead.
Natasha zaps a wand.
The roots erupt in riotous growth!
The grasping roots grab you!
Natasha is unaffected.
The cerulean imp is unaffected.
The grasping roots constrict you!
You die...

.#...# #.##'### #######.#
.....# #.##.# #.......#
....<# #..#.# ######....÷####
.....# ##...# #.............#
.#...# ##..##
#....##...÷...## .....#
##..####...###.......'.
.....#######....####.#
#.......##
######.)......#.5###.#
#.......#
#.....###....@h...###.......#
#....)# ##.....####.........#
####.....# #####.#
#.........# ...'.....# #.#
#.........## ..##.....#
#.####......#.... #.##.....#
#.....####..'.... #.########
#####.# ####.... #.# ########
#.# #.... #.# #......# ###.#
#.)..


You could see Natasha and a cerulean imp (summoned).

Vanquished Creatures
  2 dart slugs (D:1)
  A ball python (D:1)
  A bat (D:1)
  2 endoplasms (D:1)
  A giant cockroach (D:1)
  4 goblins (D:1)
  2 hobgoblins (D:1)
  A quokka (D:1)
  2 rats (D:1)
16 creatures vanquished.

Notes
Turn   | Place    | Note
-------+----------+-------------------------------------------
     0 | D:1      | pokeman the Deep Elf Hedge Wizard began the quest for the
                  | Orb.
     0 | D:1      | Reached XP level 1. HP: 10/10 MP: 7/7
   254 | D:1      | Reached XP level 2. HP: 14/15 MP: 1/9
   835 | D:1      | Reached skill level 5 in Spellcasting
  1180 | D:2      | Noticed Natasha
  1188 | D:1      | Constricted to death by Natasha

Illustrated notes

Levels and vault maps discovered:
D:1:      shiori_arrival_oz, layout_basic, dreamdust_princess_bridge
D:2:      layout_loops_ring, shapermc_ecumenical_altar_starsandcircs,
          minmay_bisected, uniq_crazy_yiuf_cottage, uniq_natasha, uniq_terence

Skill      XL: |  1  2 |
---------------+-------+-----
Spellcasting   | 5 |  5.0
Fighting       | |  0.6
Armour         | |  0.6
Dodging        | |  2.4
Stealth        | |  2.4
Conjurations   | |  1.6
Summonings     | |  1.1
Translocations | |  1.1

Action                     || total
---------------------------++-------
  Melee: Dagger            ||     1
   Cast: Magic Dart        ||    56
 Armour: Robe              ||     5
  Dodge: Dodged            ||     6

Table legend: (Time is in decaauts)
 A = Elapsed time spent in this place.
 B = Non-inter-level travel time spent in this place.
 C = Inter-level travel time spent in this place.
 D = Time resting spent in this place.
 E = Time spent auto-exploring this place.
 F = Levels seen in this place.
 G = Mean time per level.
                   A        B        C        D        E       F      G
               +--------+--------+--------+--------+--------+-----+--------+
         Total |   1187 |   1166 |     21 |      0 |   1026 |   2 |  593.5 |
       Dungeon |   1187 |   1166 |     21 |      0 |   1026 |   2 |  593.5 |
               +--------+--------+--------+--------+--------+-----+--------+

Top non-repeatable levels by time:
     D:1: 1186 daAuts
     D:2: 1 daAuts
